 Dungeon Crawl Stone Soup version 0.16.1-11-g651b585 (webtiles) character file.

13657 jacksonaction the Destroyer (level 11, -8/54 HPs)
             Began as a Deep Elf Conjurer on Apr 6, 2015.
             Was an Elder of Sif Muna.
             Killed from afar by a fire drake (29 damage)
             ... with a blast of flame
             ... on level 2 of the Lair of Beasts.
             The game lasted 01:59:34 (14718 turns).

jacksonaction the Destroyer (Deep Elf Conjurer)    Turns: 14718, Time: 01:59:34

Health: -8/54      AC: 11    Str:  5    XL:     11   Next: 78%
Magic:  26/31      EV: 12    Int: 30    God:    Sif Muna [****..]
Gold:   703        SH:  0    Dex: 15    Spells: 7 memorised, 3 levels left

rFire  . . .     SeeInvis .     E - staff of wizardry
rCold  + . .     Clarity  .     L - +4 leather armour of Hiqemuna {rPois rF- rN+ Int+6}
rNeg   + . .     SustAb   .     (no shield)
rPois  +         Gourm    .     (no helmet)
rElec  +         Spirit   .     m - +2 cloak
rCorr  +         Warding  .     N - +0 pair of gloves
rMut   .         Stasis   .     (no boots)
MR     +....                    X - amulet of faith
Stlth  ++........               U - ring of invisibility
                                G - ring of poison resistance

@: resistant, somewhat resistant to hostile enchantments, unstealthy
A: no striking features
a: Channel Energy, Forget Spell, Renounce Religion, Evoke Invisibility


You were on level 2 of the Lair of Beasts.
You worshipped Sif Muna.
Sif Muna was greatly pleased with you.
You were not hungry.

You visited 3 branches of the dungeon, and saw 13 of its levels.

You collected 703 gold pieces.

Inventory:

Missiles
 R - 11 javelins (quivered)
Armour
 m - a +2 cloak (worn)
 L - the +4 leather armour of Hiqemuna (worn) {rPois rF- rN+ Int+6}
   (You found it on level 2 of the Lair of Beasts)

   It affects your intelligence (+6).
   It makes you vulnerable to fire.
   It protects you from poison.
   It protects you from negative energy.
 N - a +0 pair of gloves (worn)
Magical staves
 E - an uncursed staff of wizardry (weapon)
Jewellery
 G - a ring of poison resistance (left hand)
 U - a ring of invisibility (right hand)
 X - an amulet of faith (around neck)
Magical devices
 i - a wand of cold (8)
 x - a wand of polymorph (18)
 D - a wand of lightning (4)
 F - a wand of disintegration (16)
 I - a wand of digging (11)
 T - a wand of lightning (8)
Scrolls
 d - 4 scrolls of fear
 e - 2 scrolls of identify
 h - a scroll of magic mapping
 j - a scroll of blinking
 k - 3 scrolls of remove curse
 q - 4 scrolls of enchant armour
 v - a scroll of immolation {unknown}
 y - 3 scrolls of teleportation
 H - 3 scrolls of enchant weapon
 O - a scroll of fog {unknown}
 V - 2 scrolls of summoning {unknown}
 Z - a scroll of vulnerability {unknown}
Potions
 a - a potion of degeneration {unknown}
 g - 2 potions of restore abilities
 l - a potion of mutation {unknown}
 n - 4 potions of curing
 s - a potion of cure mutation {unknown}
 w - a potion of magic {unknown}
 J - 3 potions of agility
 K - a potion of haste
 M - a potion of heal wounds {unknown}
 Q - a potion of brilliance {unknown}
 S - a potion of ambrosia {unknown}
Books
 c - a book of Conjurations

   Spells                             Type                      Level
   a - Magic Dart                     Conjuration                  1
   b - Searing Ray                    Conjuration                  2
   c - Dazzling Spray                 Conjuration/Hexes            3
   d - Fulminant Prism                Conjuration/Hexes            4
   e - Iskenderun's Mystic Blast      Conjuration                  4
   f - Iskenderun's Battlesphere      Conjuration/Charms           5
 p - a Fen Folio

   Spells                             Type                      Level
   a - Corpse Rot                     Necromancy                   2
   b - Stone Arrow                    Conjuration/Earth            3
   c - Leda's Liquefaction            Hexes/Earth                  4
   d - Summon Forest                  Summoning/Translocation      5
   e - Hydra Form                     Transmutation                6
   f - Summon Hydra                   Summoning                    7
 t - a book of Necromancy

   Spells                             Type                      Level
   a - Pain                           Necromancy                   1
   b - Animate Skeleton               Necromancy                   1
   c - Vampiric Draining              Necromancy                   3
   d - Regeneration                   Charms/Necromancy            3
   e - Animate Dead                   Necromancy                   4
   f - Control Undead                 Necromancy                   4
 C - a book of Changes

   Spells                             Type                      Level
   a - Beastly Appendage              Transmutation                1
   b - Sticks to Snakes               Transmutation                2
   c - Spider Form                    Transmutation/Poison         3
   d - Ice Form                       Ice/Transmutation            4
   e - Blade Hands                    Transmutation                5
Miscellaneous
 A - a plain deck of wonders
Comestibles
 b - 7 bread rations
 f - 8 meat rations
 o - 4 slices of pizza
 u - 2 poisonous chunks of flesh
 z - 22 fruits
 B - 5 beef jerkies
 P - 11 royal jellies
 Y - 7 chunks of flesh


   Skills:
 - Level 2.0 Staves
 - Level 2.4 Dodging
 - Level 2.4 Stealth
 - Level 8.1 Spellcasting
 + Level 13.6 Conjurations
 - Level 8.0 Charms
 - Level 7.1 Necromancy
 - Level 3.4 Transmutations
 - Level 4.6 Ice Magic
 - Level 8.4 Invocations
 - Level 5.0 Evocations


You had 3 spell levels left.
You knew the following spells:

 Your Spells              Type           Power        Failure   Level  Hunger
a - Magic Dart            Conj           ####         1%          1    None
b - Searing Ray           Conj           ######       1%          2    None
c - Iskenderun's Battles  Conj/Chrm      ######..     1%          5    ####...
d - Iskenderun's Mystic   Conj           #######.     1%          4    #......
e - Ice Form              Ice/Trmt       #####...     6%          4    #......
f - Control Undead        Necr           ######....   1%          4    #......
g - Regeneration          Chrm/Necr      ######....   1%          3    None


Dungeon Overview and Level Annotations

Branches:
Dungeon (10/15)            Temple (1/1) D:7            Lair (2/8) D:10
    Orc (0/4) D:9

Altars:
Ashenzari
Cheibriados
Dithmenos
Elyvilon
Fedhas
Gozag
Kikubaaqudgha
Makhleb
Nemelex Xobeh
Okawaru
Qazlal
Ru
Sif Muna
Trog
Vehumet
Xom
Yredelemnul
Zin
The Shining One
Jiyva

Annotations:
D:6 Pikel


Message History

Casting: Iskenderun's Battlesphere
Confirm with . or Enter, or press ? or * to list all spells.
Aiming: Magic Dart
Press: ? - help, Shift-Dir - straight line, f/p - water moccasin
Aim: a water moccasin (heavily wounded)
The magic dart hits the water moccasin.
The water moccasin is heavily wounded.
Your battlesphere fires!
The barrage of energy hits the water moccasin.
You kill the water moccasin!
A fire drake comes into view.
The fire drake breathes flames at you. The blast of flame hits you!
The fire burns you terribly!
Ouch! That really hurt!
Drink which item? (? for menu, Esc to quit)
You feel protected. The fire drake breathes flames at you.
The blast of flame hits you!
Ouch! That really hurt!
You die...

... .......#####.......... .#
.........#.P........... .##
#...........+..♣..≈.≈♣ ..#
#........###...≈.≈.≈. ###
##...#.#.# #.♣≈....≈≈ . ##
###.....# P.≈.≈≈..≈ .≈. .#
########k####♣..≈...≈≈≈.≈≈ ####
###...####..#.♣.≈...≈≈..≈≈≈.
.#.###.........*@...≈....≈.≈.≈≈≈≈
...P###..............≈≈≈≈.≈.≈....
....#P#^.........#.♣≈.≈≈≈..≈≈...≈
...............<....♣≈≈.≈≈≈...≈..
.##.###..........##.♣.≈..≈≈..≈≈.≈
######..##.###.#.##..♣.≈≈≈≈....≈.
####### #####.#....≈.≈.≈.≈♣.
####...♣≈.≈..... ###.#♣♣♣♣...#


You could see a fire drake.

Vanquished Creatures
  The ghost of Crackedtooth the Distorting Demonspawn, an experienced DsAK of Lugonu (Lair:1)
  Nergalle (Lair:2)
  Erolcha (D:8)
  A faun (Lair:1)
  Joseph (D:9)
  6 spiny frogs
  4 komodo dragons
  A troll (D:9)
  A two-headed ogre (D:8)
  Grinder (D:5)
  A basilisk (Lair:2)
  A wyvern (D:9)
  10 yaks
  A warg (D:9)
  3 water moccasins
  Edmund (D:4)
  A soldier ant (D:9)
  2 porcupines (Lair:1)
  4 orc warriors
  A spider (D:9)
  A boring beetle (D:9)
  A necrophage (D:6)
  2 phantoms
  2 ice beasts
  2 sky beasts (D:6)
  An ogre (D:5)
  A black bear (D:6)
  4 crocodiles
  2 centaurs
  A brain worm (D:9)
  2 water moccasin zombies
  7 giant frogs
  2 scorpions (D:8)
  5 wights (D:7)
  3 hounds
  2 goliath beetles
  4 crimson imps
  2 giant frog zombies
  3 jellies
  11 orc priests
  2 centaur zombies
  A gnoll shaman (D:4)
  6 iguanas
  A quasit (D:10)
  3 centaur skeletons
  10 worker ants
  7 orc wizards
  A hell rat (D:10)
  5 sheep (Lair:2)
  A hound zombie (D:8)
  The ghost of Inchmeat the Chiller, a weakling DsIE (D:3)
  2 worker ant zombies (D:9)
  A hound skeleton (D:9)
  23 gnolls
  10 adders
  26 river rats
  2 shadow imps
  3 giant mites
  3 worms
  An adder skeleton (D:9)
  6 giant geckos
  An ooze (D:3)
  42 orcs
  3 ball pythons
  3 bat skeletons
  A bat zombie (D:6)
  6 giant cockroaches
  2 gnoll zombies (D:7)
  17 hobgoblins
  18 jackals
  12 quokkas
  13 bats
  4 giant newts
  A giant spore (D:9)
  14 goblins
  12 kobolds
  27 rats
  2 ballistomycetes (D:9)
394 creatures vanquished.

Vanquished Creatures (others)
  A giant spore (D:8)
  A kobold (D:7)
  A plant (Lair:1)
3 creatures vanquished.

Grand Total: 397 creatures vanquished

Notes
Turn   | Place    | Note
--------------------------------------------------------------
     0 | D:1      | jacksonaction, the Deep Elf Conjurer, began the quest for the Orb.
     0 | D:1      | Reached XP level 1. HP: 10/10 MP: 5/5
   318 | D:1      | Reached XP level 2. HP: 15/15 MP: 6/8
   408 | D:1      | Reached skill level 5 in Conjurations
   412 | D:1      | Learned a level 2 spell: Searing Ray
   908 | D:2      | Reached XP level 3. HP: 19/19 MP: 3/10
  1423 | D:2      | Reached skill level 6 in Conjurations
  1656 | D:2      | Reached XP level 4. HP: 24/24 MP: 10/13
  2283 | D:3      | Noticed Inchmeat's ghost (weakling DsIE)
  2330 | D:3      | Found a radiant altar of Vehumet.
  2904 | D:3      | Killed Inchmeat's ghost
  2977 | D:3      | Reached skill level 7 in Conjurations
  2977 | D:3      | Reached XP level 5. HP: 28/28 MP: 14/16
  2989 | D:3      | Learned a level 5 spell: Iskenderun's Battlesphere
  3344 | D:3      | Reached skill level 1 in Charms
  3879 | D:4      | Noticed Edmund
  4123 | D:4      | Reached XP level 6. HP: 29/32 MP: 12/18
  4152 | D:4      | Reached skill level 5 in Charms
  5000 | D:4      | Killed Edmund
  5000 | D:4      | Reached skill level 8 in Charms
  5000 | D:4      | Reached XP level 7. HP: 33/36 MP: 7/20
  5124 | D:4      | Found an iron altar of Okawaru.
  5262 | D:5      | Entered Level 5 of the Dungeon
  5383 | D:5      | Noticed Grinder
  5455 | D:5      | Killed Grinder
  5455 | D:5      | Reached skill level 9 in Conjurations
  5638 | D:5      | Reached XP level 8. HP: 41/41 MP: 12/21
  5991 | D:5      | Reached skill level 10 in Conjurations
  6103 | D:5      | Found a bloodstained altar of Trog.
  6465 | D:6      | Found a blossoming altar of Fedhas.
  6512 | D:6      | Reached skill level 5 in Spellcasting
  6657 | D:6      | Found a shimmering altar of Xom.
  6882 | D:6      | Noticed Pikel
  7354 | D:6      | Reached XP level 9. HP: 45/45 MP: 17/27
  7480 | D:6      | Found a sacrificial altar of Ru.
  7870 | D:7      | Reached skill level 11 in Conjurations
  7920 | D:7      | Reached skill level 1 in Staves
  8047 | D:7      | Found a white marble altar of Elyvilon.
  8400 | D:7      | Reached skill level 5 in Evocations
  8666 | D:7      | Found a basalt altar of Yredelemnul.
  8821 | D:7      | Found a staircase to the Ecumenical Temple.
  8827 | Temple   | Entered the Ecumenical Temple
  8844 | Temple   | Became a worshipper of Sif Muna the Loreminder
  9011 | D:8      | Learned a level 4 spell: Iskenderun's Mystic Blast
  9083 | D:8      | Reached skill level 1 in Invocations
  9148 | D:8      | Found a sparkling altar of Nemelex Xobeh.
  9283 | D:8      | Reached skill level 5 in Invocations
  9322 | D:8      | Found an ancient bone altar of Kikubaaqudgha.
  9699 | D:8      | Noticed Erolcha
  9706 | D:8      | Killed Erolcha
  9706 | D:8      | Reached XP level 10. HP: 23/50 MP: 19/29
  9712 | D:8      | Learned a level 4 spell: Ice Form
  9991 | D:8      | Found a snail-covered altar of Cheibriados.
 10182 | D:8      | Reached skill level 1 in Ice Magic
 10189 | D:9      | Reached skill level 1 in Transmutations
 10494 | D:9      | Acquired Sif Muna's first power
 10506 | D:9      | Found a staircase to the Orcish Mines.
 11218 | D:9      | Noticed Joseph
 11228 | D:9      | Killed Joseph
 11228 | D:9      | Acquired Sif Muna's second power
 11228 | D:9      | Reached skill level 12 in Conjurations
 12091 | D:9      | Learned a level 4 spell: Control Undead
 12239 | D:10     | Entered Level 10 of the Dungeon
 12336 | D:10     | Reached skill level 1 in Necromancy
 12341 | D:10     | Found a staircase to the Lair.
 12373 | D:10     | Reached XP level 11. HP: 49/54 MP: 8/31
 13082 | Lair:1   | Entered Level 1 of the Lair of Beasts
 13379 | Lair:1   | Reached skill level 5 in Necromancy
 13507 | Lair:1   | Found a dark tunnel.
 13546 | Lair:1   | Noticed Crackedtooth's ghost (experienced DsAK)
 13633 | Lair:1   | Killed Crackedtooth's ghost
 13864 | Lair:1   | Learned a level 3 spell: Regeneration
 14278 | Lair:2   | Got a translucent leather armour
 14289 | Lair:2   | Identified the +4 leather armour of Hiqemuna {rPois rF- rN+ Int+6} (You found it on level 2 of the Lair of Beasts)
 14397 | Lair:2   | Noticed Nergalle
 14401 | Lair:2   | Noticed a spectral orc warlord
 14405 | Lair:2   | Killed Nergalle
 14459 | Lair:2   | Acquired Sif Muna's third power
 14459 | Lair:2   | Reached skill level 13 in Conjurations
 14718 | Lair:2   | Killed from afar by a fire drake

Action                   |  1- 3 |  4- 6 |  7- 9 | 10-12 || total
-------------------------+-------+-------+-------+-------++-------
Melee: Unarmed           |       |     5 |       |     7 ||    12
       Staff             |       |       |     4 |    23 ||    27
 Cast: Magic Dart        |    55 |   145 |   228 |   308 ||   736
       Searing Ray       |     7 |    18 |    15 |    10 ||    50
       Iskenderun's Batt |       |       |    43 |    68 ||   111
       Ice Form          |       |       |       |     1 ||     1
       Iskenderun's Myst |       |       |       |     8 ||     8
       Control Undead    |       |       |       |     1 ||     1
       Regeneration      |       |       |       |     1 ||     1
Invok: Channel Energy    |       |       |       |    52 ||    52
Evoke: Lamp of fire      |       |       |       |     1 ||     1
  Use: Scroll            |       |       |    11 |     9 ||    20
       Potion            |       |       |       |     2 ||     2
  Eat: Chunk             |     2 |    11 |    26 |    36 ||    75
       Beef jerky        |       |       |       |     1 ||     1
